 Dungeon Crawl Stone Soup version 0.30-b1-2-g02819fbbbe (webtiles) character file.

Game seed: 17796611361573373181

5 Anon888 the Grasshopper (level 1, 0/10 HPs)
             Began as a Spriggan Warper on Nov 12, 2023.
             Slain by a jackal (2 damage)
             ... on level 1 of the Dungeon.
             The game lasted 00:01:51 (160 turns).

Anon888 the Grasshopper (Spriggan Warper)            Turns: 160, Time: 00:01:52

Health: 0/10       AC:  2    Str:  7    XL:     1   Next: 66%
Magic:  5/5        EV: 17    Int: 14    God:
Gold:   0          SH:  0    Dex: 14    Spells: 5/5 levels left

rFire   . . .        a - +0 short sword
rCold   . . .        (no shield)
rNeg    . . .        b - +0 robe
rPois   .            (helmet restricted)
rElec   .            (no cloak)
rCorr   .            (gloves unavailable)
SInv    +            (boots unavailable)
Will    .....        (no amulet)
Stlth   +            (no ring)
HPRegen 0.21/turn    (no ring)
MPRegen 0.09/turn

%: no passive effects
@: very quick
A: very small, no large weapons, unfitting armour, see invisible, speed 3
a: no special abilities


You were on level 1 of the Dungeon.
You visited 1 branch of the dungeon, and saw 1 of its levels.

Inventory:

Hand Weapons
 a - a +0 short sword (weapon)
Missiles
 d - 7 boomerangs of dispersal (quivered)
Armour
 b - a +0 robe (worn)
Scrolls
 c - a scroll of blinking
 e - a scroll of torment {unknown}


   Skills:
 - Level 1.5 Fighting
 + Level 2.2 Short Blades
 + Level 1.1 Throwing
 - Level 3.2 Dodging
 + Level 2.9 Spellcasting
 + Level 4.5 Translocations


You had 5 spell levels left.
You didn't know any spells.
Your spell library contained the following spells:

 Spells                   Type           Power      Damage    Failure   Level
 Blink                    Tloc           28%        N/A       4%          2
 Lesser Beckoning         Tloc           28%        N/A       4%          2
 Gell's Gravitas          Tloc           14%        N/A       10%         3
 Teleport Other           Tloc           14%        N/A       10%         3
 Vhi's Electric Charge    Tloc/Air       16%        N/A       26%         3
 Manifold Assault         Tloc           14%        N/A       32%         4
 Dispersal                Tloc           7%         N/A       99%         6


Dungeon Overview and Level Annotations

Branches:
Dungeon (1/15)

Altars:


Innate Abilities, Weirdness & Mutations

You are very small and have problems with some larger weapons.
You are too small for most types of armour.
You have supernaturally acute eyesight. (SInv)
You cover ground extremely quickly. (Speed+++)


Message History

Found a scroll labelled FAGGAE OVEFU.
A ball python and an endoplasm come into view.
A jackal comes into view.
The jackal barks!
The ball python hisses angrily.
The jackal barks!
You hear a shout!
You closely miss the ball python. The ball python barely misses you.
The ball python completely misses you.
A ball python comes into view.
A jackal comes into view.
You closely miss the jackal. The ball python barely misses you.
The ball python grabs you. The ball python constricts you.
The jackal barely misses you.
A goblin comes into view. It is wielding a +0 dagger.
You escape the ball python's grasp.
The ball python hisses angrily.
You hit the jackal.
The jackal is heavily wounded.
The jackal misses you.
You hit the jackal but do no damage.
The jackal is heavily wounded.
The jackal barely misses you. x2
The jackal bites you but does no damage.
The jackal bites you.
You hit the jackal but do no damage.
The jackal is heavily wounded.
The jackal barely misses you. The jackal closely misses you.
The jackal misses you. The jackal bites you.
You hit the jackal.
The jackal is severely wounded.
The jackal closely misses you. The jackal barely misses you.
The jackal misses you. x2
You barely miss the jackal.
The jackal is severely wounded.
The jackal closely misses you. The jackal bites you.
The jackal completely misses you.
You hit the jackal but do no damage.
The jackal is severely wounded.
The jackal bites you.
* * * LOW HITPOINT WARNING * * *
The jackal bites you.
You die...

.......##
........#
#.......#
#........
##......#
......=.#
......hJ##
#.?..gShh####
##.....#@h..##
###...#####..####
................#
#.########.####.##
#.# #. #..# #.# #.
##.## ####.# #.
#..# #....## #.#
##.####### #.##..#
#.. #........


You could see an endoplasm, 4 jackals, a goblin and a ball python.

Vanquished Creatures
  2 quokkas (D:1)
  3 ball pythons (D:1)
  A rat (D:1)
6 creatures vanquished.

Notes
Turn   | Place    | Note
-------+----------+-------------------------------------------
     0 | D:1      | Anon888 the Spriggan Warper began the quest for the Orb.
     0 | D:1      | Reached XP level 1. HP: 10/10 MP: 5/5
   160 | D:1      | Slain by a jackal

Illustrated notes

Levels and vault maps discovered:
D:1:      elethiomel_arrival_infinity_welcomes_careful_drivers, layout_rooms

Action                     || total
---------------------------++-------
  Melee: Short sword       ||    31
 Armour: Robe              ||     3
  Dodge: Dodged            ||    29
